 Dungeon Crawl Stone Soup version 0.25.1-2-g60ff931df9 (webtiles) character file.

Game seed: 16119109181902127248

289 funkygono the Conjurer (level 6, -2/46 HPs)
             Began as a Draconian Conjurer on July 31, 2020.
             Slain by Grinder (4 damage)
             ... on level 4 of the Dungeon.
             The game lasted 00:08:37 (4033 turns).

funkygono the Conjurer (Draconian Conjurer)         Turns: 4033, Time: 00:08:38

Health: -2/46      AC:  7    Str: 10    XL:     6   Next: 9%
Magic:  2/11       EV: 13    Int: 17    God:
Gold:   135        SH:  0    Dex: 12    Spells: 6/12 levels left

rFire    . . .     SeeInvis .   d - +4 dagger (holy)
rCold    . . .     Gourm    .   (no shield)
rNeg     . . .     Faith    .   (armour unavailable)
rPois    .         Spirit   .   (helmet restricted)
rElec    .         Reflect  .   (no cloak)
rCorr    .         Harm     .   g - +0 pair of gloves
MR       .....                  (no boots)
Stlth    ++........             (no amulet)
HPRegen  0.15/turn              (no ring)
MPRegen  0.12/turn              (no ring)

@: no status effects
A: unfitting armour, cold-blooded, AC +6
a: no special abilities


You were on level 4 of the Dungeon.
You were hungry.

You visited 1 branch of the dungeon, and saw 4 of its levels.

You collected 135 gold pieces.

Inventory:

Hand Weapons
 d - a +4 dagger of holy wrath (weapon)
 h - a +0 club
Missiles
 e - 102 stones (quivered)
Armour
 g - a +0 pair of gloves (worn)
 j - a +0 tower shield
Scrolls
 f - 4 scrolls of amnesia
 i - a scroll of identify
Potions
 a - a potion of invisibility {unknown}
 c - a potion of berserk rage {unknown}
 k - a potion of curing {unknown}
 l - a potion of haste {unknown}
 m - 2 potions of ambrosia {unknown}
Comestibles
 b - 9 rations


   Skills:
 + Level 0.3 Fighting
 + Level 0.3 Maces & Flails
 + Level 2.6 Dodging
 + Level 2.5 Stealth
 + Level 3.7 Spellcasting
 + Level 5.6 Conjurations


You had 6 spell levels left.
You knew the following spells:

 Your Spells              Type           Power        Failure   Level  Hunger
a - Magic Dart            Conj           ###.         1%          1    None
b - Searing Ray           Conj           ###...       2%          2    ##.....
c - Dazzling Flash        Conj/Hex       ##....       16%         3    ###....

Your spell library contained the following spells:

 Spells                   Type           Power        Failure   Level  Hunger
 Fulminant Prism          Conj/Hex       ##........   45%         4    ####...
 Iskenderun's Mystic Bla  Conj/Tloc      ##......     45%         4    ####...


Dungeon Overview and Level Annotations

Branches:
Dungeon (4/15)
 Temple: D:4-7

Altars:
Makhleb
Nemelex Xobeh
Xom
The Shining One

Annotations:
D:4 Grinder


Innate Abilities, Weirdness & Mutations

Your plain brown scales are hard. (AC +6)
You cannot fit into any form of body armour.
You are cold-blooded and may be slowed by cold attacks.


Message History

You can move again.
Casting: Searing Ray (safe; 2% risk of failure)
Confirm with . or Enter, or press ? or * to list all spells.
Aiming: Magic Dart (safe; 1% risk of failure)
Press: ? - help, Shift-Dir - straight line, f/p - Grinder
Aim: Grinder (heavily wounded)
The magic dart hits Grinder.
Grinder is heavily wounded.
Grinder hits you.
* * * LOW HITPOINT WARNING * * *
You writhe in agony.
* * * LOW HITPOINT WARNING * * *
Grinder hits you but does no damage.
There is a stone staircase leading up here.
Unknown command.
Grinder says, "FISH!"
Grinder hits you.
* * * LOW HITPOINT WARNING * * *
You writhe in agony.
You die...

#..........)....... #.
#...#.####......... #. .
#...#.####.##.#.... #. ..
#..........##.# #.# #. ...
#.#.#.####.##.# #.# #. ....
#.#.#.#.##.#..###.# #.
#...?#..)............#.# #.
...........#.##.#..###.####.
....$.....5@.......##.......
............................
...........#......###.......
.$.....$....................
....##.....##########..#####
.......(...# #..#
............ #..# ..
........## #.## .#


You could see Grinder.

Vanquished Creatures
  3 hounds
  An iguana (D:3)
  Terence (D:2)
  Robin (D:2)
  3 adders
  An adder skeleton (D:4)
  4 worms (D:3)
  A leopard gecko (D:2)
  4 orcs
  5 giant cockroaches
  16 goblins
  9 hobgoblins
  11 jackals
  2 ball pythons
  10 bats
  3 frilled lizards
  14 kobolds
  4 rats
93 creatures vanquished.

Notes
Turn   | Place    | Note
-------+----------+-------------------------------------------
     0 | D:1      | funkygono the Draconian Conjurer began the quest for the
                  | Orb.
     0 | D:1      | Reached XP level 1. HP: 14/14 MP: 3/3
   350 | D:1      | Reached XP level 2. HP: 20/20 MP: 1/5
   354 | D:1      | Learned a level 2 spell: Searing Ray
   921 | D:2      | Reached XP level 3. HP: 26/26 MP: 2/6
   965 | D:2      | Learned a level 3 spell: Dazzling Flash
  1315 | D:2      | Noticed Terence
  1333 | D:2      | Killed Terence
  1333 | D:2      | Reached skill level 5 in Conjurations
  1439 | D:2      | Noticed Robin
  1451 | D:2      | Killed Robin
  1451 | D:2      | Reached XP level 4. HP: 21/33 MP: 0/7
  2098 | D:2      | Found a sparkling altar of Nemelex Xobeh.
  2150 | D:2      | Found a shimmering altar of Xom.
  2154 | D:2      | Found a shimmering altar of Xom.
  2155 | D:2      | Found a shimmering altar of Xom.
  2156 | D:2      | Found a shimmering altar of Xom.
  2177 | D:2      | Found a shimmering altar of Xom.
  2358 | D:2      | Found a burning altar of Makhleb.
  2360 | D:2      | Reached XP level 5. HP: 38/38 MP: 6/9
  2927 | D:3      | Found a glowing golden altar of the Shining One.
  3288 | D:3      | Reached XP level 6. HP: 46/46 MP: 0/11
  4008 | D:4      | Noticed Grinder
  4024 | D:4      | Paralysed by Grinder for 5 turns
  4033 | D:4      | HP: 2/46 [Grinder (5)]
  4033 | D:4      | Slain by Grinder

Illustrated notes

Levels and vault maps discovered:
D:1:      saegor_arrival_simple_c, layout_rooms, kennysheep_flooded_box,
          minivault_4, chequers_serial_rivers_micro_b
D:2:      layout_loops_cross, old_standard_altar, makhleb_heckhound_becter,
          first_ration, minmay_crystal_room, grunt_decor_resistance,
          xom_redecorated, uniq_terence, uniq_robin
D:3:      corexii_shack_village, layout_rooms, tso_metal_star
D:4:      layout_basic, uniq_grinder

Skill      XL: |  1  2  3  4 |
---------------+-------------+-----
Dodging        | 2 |  2.6
Stealth        | 2 |  2.5
Conjurations   | 5 |  5.6
Spellcasting   | 3 |  3.7
Fighting       | |  0.3
Maces & Flails | |  0.3

Action                   |  1- 3 |  4- 6 || total
-------------------------+-------+-------++-------
Melee: Unarmed           |    13 |       ||    13
       Club              |     6 |     8 ||    14
       Tailslap          |     1 |     3 ||     4
       Dagger            |       |    25 ||    25
 Cast: Magic Dart        |    58 |   102 ||   160
       Searing Ray       |     4 |    15 ||    19
       Dazzling Flash    |       |     1 ||     1
  Use: Scroll            |     3 |     4 ||     7
  Eat: Chunk             |     3 |     8 ||    11
Armor: Skin              |    11 |    26 ||    37
Dodge: Dodged            |    20 |    67 ||    87
